cohdb
Replays
Latest Replays
All Replays
Popular Replays
Top Player Replays
Match Explorer
How It Works
Community
CoH3 Stats
Reddit
Sign in to upload your games and track your stats! →
Sign in with Steam
Match 47027780
Unlisted
Match 47027780
Overview
Messages
Build Orders
End
Construct Barracks
Selects Advanced Infantry Battlegroup
Riflemen Squad
Riflemen Squad
Engineer Squad
Grenade Package
M1 Mortar Team
Construct Weapon Support Center
Construct Medical Station
Infantry Support Center
Selects Convert to Ranger Squad
Construct Motor Pool
Bazooka Squad
M1 Anti-tank Gun Team
Bazooka Squad
Convert to Ranger Squad
M1 Anti-tank Gun Team
Demolitions Package
Munitions Surplus
Selects Frontline Medical Station
Selects Infantry Assault
Frontline Medical Station
Infantry Assault
SiT
jawocha
ahumi
Π
XuZhongwei
憨八龟
上海交大周杰伦
An
0
0
Comments
sign in to comment!
No comments posted yet!